 Dungeon Crawl Stone Soup version 0.28.0-1-gb440e238dd (webtiles) character file.

Game seed: 3531000690980380144

60 graymark the Ducker (level 3, -2/28 HPs)
             Began as a Demonspawn Gladiator on Feb 21, 2022.
             Was a Follower of Sif Muna.
             Slain by a scorpion (5 damage)
             ... on level 2 of the Dungeon.
             The game lasted 00:04:24 (1771 turns).

graymark the Ducker (Demonspawn Gladiator)          Turns: 1771, Time: 00:04:25

Health: -2/28      AC:  3    Str: 14    XL:     3   Next: 82%
Magic:  4/4        EV: 12    Int: 11    God:    Sif Muna [*.....]
Gold:   88         SH:  0    Dex: 14    Spells: 4/4 levels left

rFire   . . .      SeeInvis .   o - +3 short sword
rCold   + . .      Faith    .   (no shield)
rNeg    . . .      Spirit   .   b - +0 leather armour
rPois   .          Reflect  .   (helmet restricted)
rElec   .          Harm     .   (no cloak)
rCorr   .          Rampage  .   (no gloves)
Will    .....                   (no boots)
Stlth   +.........              (no amulet)
HPRegen 0.09/turn               g - ring of protection from cold
MPRegen 0.09/turn               (no ring)

@: lethally poisoned (-2 -> -4)
A: antennae 1, foul stench 1
a: Renounce Religion, Channel Magic


You were on level 2 of the Dungeon.
You worshipped Sif Muna.
Sif Muna was aware of your devotion.
You visited 1 branch of the dungeon, and saw 2 of its levels.

You collected 88 gold pieces.

Inventory:

Hand Weapons
 a - a +0 war axe
 k - a +0 short sword
 o - a +3 short sword (weapon)
Missiles
 d - 3 throwing nets (quivered)
Armour
 b - a +0 leather armour (worn)
 c - a +0 helmet
 l - a +0 scale mail
Magical Staves
 h - a staff of conjuration
Jewellery
 g - a ring of protection from cold (left hand)
Scrolls
 e - a scroll of fear {unknown}
 f - a scroll of blinking {unknown}
 j - a scroll of acquirement {unknown}
 p - a scroll of noise {unknown}
Potions
 i - a potion of might {unknown}
 m - a potion of resistance {unknown}
 n - 3 potions of curing {unknown}
 q - a potion of heal wounds {unknown}


   Skills:
 - Level 2.4 Fighting
 - Level 3.0 Axes
 - Level 1.7 Throwing
 + Level 3.3 Dodging
 + Level 1.1 Spellcasting
 + Level 1.2 Conjurations


You had 4 spell levels left.
You didn't know any spells.
Your spell library was empty.

Dungeon Overview and Level Annotations

Branches:
Dungeon (2/15)

Altars:
Sif Muna


Innate Abilities, Weirdness & Mutations

You have a pair of small antennae on your head.
You may rarely emit foul miasma when damaged in melee.


Message History

The ball python bites you. The ball python barely misses you.
You hit the ball python.
You kill the ball python!
Sif Muna accepts your kill.
You hit the scorpion.
The scorpion is moderately wounded.
The scorpion barely misses you. The scorpion closely misses you.
You hit the scorpion.
The scorpion is heavily wounded.
The scorpion stings you but does no damage.
You barely miss the scorpion.
The scorpion is heavily wounded.
The scorpion closely misses you.
You barely miss the scorpion.
The scorpion is heavily wounded.
The scorpion stings you. The scorpion barely misses you.
You hit the scorpion.
The scorpion is severely wounded.
The scorpion stings you but does no damage.
You closely miss the scorpion.
The scorpion is severely wounded.
The scorpion barely misses you.
You hit the scorpion but do no damage.
The scorpion is severely wounded.
The scorpion stings you. The scorpion stings you!
You are poisoned.
The scorpion poisons you!
You completely miss the scorpion.
The scorpion is heavily wounded.
You feel sick. The scorpion stings you.
You hit the scorpion but do no damage.
The scorpion is heavily wounded.
You feel sick.
The scorpion stings you but does no damage.
You hit the scorpion.
The scorpion is severely wounded.
You feel sick. The scorpion stings you.
* * * LOW HITPOINT WARNING * * *
The scorpion stings you.
You die...

...........##.#...
.#.###.....##.# ## .#.#
#####.##.# .#.# #.##.#
##'#######.##.#
#..........##.######.###
#.....................#
#..........#...#.#####.
#..........#...#@#
#..........#...#s#
#..........##+##.#
#...(......# ##'#####+#.
##†#######.# #..).s$S...
##.# #.# #..........
.#.#######. #..........
........... #..........
...######## #..........


You could see a scorpion.

Vanquished Creatures
  Terence (D:2)
  2 dart slugs (D:1)
  5 ball pythons
  An endoplasm (D:1)
  A giant cockroach (D:1)
  A goblin (D:2)
  3 hobgoblins
  A quokka (D:1)
  4 bats
  5 frilled lizards
  4 kobolds
  3 rats
31 creatures vanquished.

Notes
Turn   | Place    | Note
-------+----------+-------------------------------------------
     0 | D:1      | graymark the Demonspawn Gladiator began the quest for the
                  | Orb.
     0 | D:1      | Reached XP level 1. HP: 16/16 MP: 1/1
   660 | D:1      | Discovered your monstrous ancestry.
   660 | D:1      | Gained mutation: You have a pair of small antennae on your
                  | head. [demonic ancestry]
   660 | D:1      | Reached XP level 2. HP: 22/22 MP: 2/2
   883 | D:1      | Found a faded altar of an unknown god.
   886 | D:1      | Prayed at the altar of an unknown god.
   886 | D:1      | Became a worshipper of Sif Muna the Loreminder
   886 | D:1      | Reached * piety under Sif Muna
  1215 | D:2      | Noticed Terence
  1227 | D:2      | Killed Terence
  1228 | D:2      | Reached skill level 1 in Conjurations
  1228 | D:2      | Gained mutation: You may rarely emit foul miasma when
                  | damaged in melee. [demonic ancestry]
  1228 | D:2      | Reached XP level 3. HP: 19/28 MP: 2/4
  1588 | D:2      | Reached skill level 1 in Spellcasting
  1750 | D:2      | Noticed a scorpion
  1771 | D:2      | Slain by a scorpion

Illustrated notes

Levels and vault maps discovered:
D:1:      dpeg_arrival_rooms_with_view, layout_basic,
          hellmonk_ecumenical_altar_inner_sanctum
D:2:      layout_basic, serial_shops, nicolae_shop_hallway_plus, uniq_terence

Skill      XL: |  1  2  3 |
---------------+----------+-----
Dodging        | 3 |  3.3
Axes           | 3 |  3.0
Conjurations   | 1 |  1.2
Spellcasting   | 1 |  1.1
Fighting       | |  2.4
Throwing       | |  1.7

Action                   || total
-------------------------++-------
Melee: War axe           ||    47
       Staff             ||    41
       Punch             ||     1
       Short sword       ||    11
 Stab: Sleeping          ||     1
Armor: Leather armour    ||    20
Dodge: Dodged            ||    73
